Map: 블랙번 - 래더

Players

Kelazhur

  • Race: Terran Terran
  • League: Master

DPGrogue (Rogue) - Winner!

  • Race: Zerg Zerg

VOD

Have the link to the VOD?

Description

Time

  • Played on: Oct. 21, 2021, 7:29 a.m.
  • Length: 13:55
Show
View Real Time Build Order
Export as new Build Order

Kelazhur Terran 

Build Orders: Hellion Opening 

Get SALT Encoding   

  12  0:00  SCV  
  13  0:12  SCV  
  14  0:17  Supply Depot  
  14  0:24  SCV  
  15  0:38  SCV  
  15  0:40  Barracks  
  16  0:44  Refinery  
  16  0:51  SCV  
  17  1:03  SCV  
  18  1:15  SCV  
  19  1:27  Barracks Reactor, Orbital Command  
  19  1:39  Command Center  
  19  1:47  Supply Depot  
  19  1:53  SCV  
  20  2:03  Marine x2  
  20  2:05  SCV  
  23  2:10  Factory  
  23  2:14  Refinery  
  23  2:17  SCV  
  23  2:20  Marine  
  23  2:22  Marine  
  26  2:29  SCV  
  27  2:40  Marine x2  
  27  2:41  SCV  
  30  2:52  Orbital Command  
  30  2:54  SCV  
  30  2:56  Starport  
  31  3:05  Hellion x2  
  35  3:06  SCV  
  36  3:18  Supply Depot, SCV x2  
  38  3:24  Marine  
  39  3:29  Hellion x2  
  39  3:31  SCV  
  45  3:35  Medivac  
  45  3:39  SCV  
  47  3:42  Marine  
  47  3:44  Supply Depot  
  47  3:45  SCV  
  49  3:52  SCV  
  49  3:54  Hellion x2  
  54  4:05  SCV x2, Liberator  
  54  4:06  Barracks Tech Lab  
  59  4:13  Supply Depot  
  61  4:18  SCV  
  61  4:24  SCV  
  61  4:26  Command Center  
  61  4:28  Marine  
  62  4:35  SCV  
  62  4:36  Supply Depot, SCV  
  64  4:40  Stimpack  
  62  4:47  SCV  
  62  4:48  SCV  
  62  4:51  Marine  
  60  4:59  SCV, Starport Reactor  
  61  5:00  SCV  
  61  5:03  Barracks  
  61  5:04  Barracks  
  61  5:05  Factory Reactor  
  62  5:11  SCV  
  62  5:12  Engineering Bay, SCV  
  64  5:15  Engineering Bay  
  64  5:18  Marine  
  65  5:23  SCV  
  65  5:24  SCV, Refinery x2  
  67  5:33  Supply Depot  
  67  5:35  SCV  
  68  5:36  SCV  
  68  5:41  Terran Infantry Weapons Level 1, Terran Infantry Armor Level 1  
  69  5:43  Orbital Command  
  69  5:46  Marine  
  69  5:47  SCV  
  69  5:48  SCV  
  69  5:51  Starport Reactor  
  69  5:54  Factory Tech Lab  
  69  5:58  Marine  
  69  5:59  SCV  
  69  6:00  Marine, SCV  
  63  6:05  Barracks  
  63  6:07  Marine, Barracks  
  63  6:08  Marine  
  63  6:09  Supply Depot  
  63  6:10  Orbital Command  
  65  6:11  SCV  
  65  6:13  SCV, Orbital Command  
  65  6:17  Siege Tank  
  70  6:23  Armory  
  70  6:24  SCV  
  72  6:27  Medivac x2  
  72  6:28  SCV  
  72  6:30  Marine x2  
  78  6:36  SCV  
  78  6:38  Marine, Combat Shield  
  78  6:39  SCV  
  81  6:40  SCV  
  81  6:42  Marine x2  
  84  6:48  SCV  
  84  6:50  Marine x2  
  84  6:51  SCV  
  84  6:52  Supply Depot  
  84  6:53  Supply Depot  
  88  6:55  Siege Tank  
  88  6:56  Marine, SCV  
  88  7:00  SCV  
  94  7:01  Marine x4  
  94  7:04  Barracks Reactor  
  94  7:05  SCV  
  94  7:08  Marine, SCV  
  100  7:11  Marine  
  100  7:12  Medivac x2  
  100  7:14  Marine  
  107  7:16  Supply Depot  
  107  7:18  Supply Depot  
  107  7:19  Marine x3  
  110  7:24  Marine  
  110  7:25  Refinery  
  110  7:26  Marine  
  110  7:27  Siege Tank  
  115  7:34  SCV x3  
  115  7:36  Marine, Terran Infantry Weapons Level 2  
  115  7:37  Terran Infantry Armor Level 2  
  101  7:38  Marine  
  101  7:41  Marine  
  103  7:46  Marine  
  103  7:48  Marine  
  103  7:49  SCV x2  
  107  7:53  SCV  
  107  7:58  Marine  
  108  8:01  SCV x2  
  108  8:03  Marine  
  108  8:04  Marine  
  108  8:05  SCV  
  114  8:06  Marine x2  
  114  8:07  Marine  
  114  8:11  Marine  
  118  8:17  Marine x2  
  118  8:18  SCV x3  
  123  8:28  Marine  
  123  8:33  Marine, Medivac x2  
  128  8:36  Marine x3  
  128  8:41  Marine, SCV, Command Center  
  132  8:42  Marine  
  132  8:43  Drilling Claws  
  132  8:44  Factory, Siege Tank  
  132  8:46  Supply Depot  
  137  8:49  SCV  
  137  8:53  Marine  
  137  8:56  Marine x4  
  137  9:01  Supply Depot x2  
  137  9:02  Marine  
  141  9:03  Marine x2  
  141  9:04  Marine  
  127  9:14  Marine  
  127  9:16  SCV  
  119  9:20  Medivac x2  
  119  9:21  Marine  
  119  9:22  Marine x7  
  126  9:24  Widow Mine  
  126  9:27  SCV x2  
  130  9:32  Marine, Factory Reactor  
  131  9:39  Marine  
  131  9:40  Marine  
  131  9:41  SCV  
  134  9:46  Widow Mine  
  134  9:49  Sensor Tower  
  134  9:50  Marine x7, Barracks  
  134  9:51  Barracks  
  143  9:52  Barracks  
  143  9:53  Supply Depot  
  143  9:57  Marine  
  143  9:59  Terran Infantry Weapons Level 3  
  144  10:00  Marine  
  144  10:03  Terran Infantry Armor Level 3  
  144  10:06  SCV x2  
  149  10:07  SCV, Widow Mine  
  149  10:08  Marine  
  149  10:13  Marine  
  149  10:14  Medivac x2  
  154  10:17  Marine  
  154  10:18  SCV  
  154  10:20  Marine  
  159  10:29  Widow Mine x2  
  159  10:30  Marine, Widow Mine  
  159  10:31  Marine x4  
  170  10:38  Marine  
  166  10:45  Marine  
  166  10:46  Marine x2  
  166  10:47  SCV  
  166  10:48  Marine x3  
  171  10:50  Barracks Tech Lab x2  
  171  10:51  Barracks Tech Lab  
  171  10:55  SCV  
  172  11:01  Planetary Fortress  
  172  11:03  Marine  
  167  11:04  Marauder, Widow Mine, Command Center  
  167  11:05  Widow Mine x2  
  167  11:10  Marauder  
  177  11:14  Marine  
  177  11:15  Marine  
  177  11:16  Marine x3  
  182  11:20  SCV  
  177  11:27  Widow Mine  
  177  11:29  Marine x6  
  177  11:31  Marine  
  180  11:34  Marine x3  
  180  11:35  SCV  
  180  11:38  SCV  
  183  11:45  Widow Mine  
  164  11:48  Marauder x2  
  164  11:53  Marine  
  165  11:54  Marine, Marauder x2  
  165  12:01  Starport, SCV  
  171  12:02  Fusion Core  
  171  12:03  SCV x3, Refinery  
  171  12:04  Refinery  
  171  12:07  Supply Depot  
  174  12:09  Marauder  
  174  12:14  Marauder  
  174  12:15  Marine, Siege Tank  
  177  12:16  Marauder x2  
  166  12:25  Medivac x2  
  166  12:27  Marine  
  166  12:29  Concussive Shells  
  153  12:30  Marauder  
  153  12:31  Marine  
  153  12:35  Marine  
  153  12:36  Marauder  
  152  12:37  Marauder x2  
  152  12:42  Marine  
  137  12:44  SCV x2  
  137  12:46  SCV  
  137  12:49  Marine  
  137  12:50  Marine x2  
  137  12:51  SCV  
  138  12:52  Marauder  
  138  12:54  Marine  
  138  12:57  Marauder  
  145  12:58  Marauder  
  145  12:59  Marauder  
  145  13:01  Marine  
  148  13:07  Marine x4, SCV  
  148  13:08  Marine x2  
  148  13:10  SCV  
  148  13:11  Marine  
  157  13:13  Marauder  
  157  13:15  Widow Mine x2  
  157  13:18  Marauder  
  157  13:19  Marine  
  166  13:21  Siege Tank  
  165  13:34  Marine x2, Marauder  
Show
View Real Time Build Order
Export as new Build Order

DPGrogue Zerg - Winner!

Build Orders: Hatch First, Lurkers 

Get SALT Encoding   

  12  0:00  Drone  
  13  0:12  Overlord  
  13  0:17  Drone  
  14  0:31  Drone x2  
  16  0:48  Hatchery  
  15  0:51  Drone  
  15  0:55  Drone  
  17  0:58  Drone  
  18  1:09  Extractor  
  17  1:13  Spawning Pool  
  17  1:16  Drone  
  17  1:19  Drone  
  18  1:28  Drone  
  19  1:39  Drone  
  20  1:50  Drone  
  21  2:00  Queen x2  
  21  2:01  Zergling x4  
  27  2:11  Zergling x2  
  27  2:12  Overlord  
  28  2:22  Hatchery  
  28  2:25  Drone  
  28  2:31  Drone  
  28  2:32  Drone x2  
  31  2:40  Queen  
  33  2:45  Metabolic Boost  
  33  2:50  Overlord  
  33  2:53  Drone  
  33  2:57  Drone  
  33  2:58  Drone  
  36  3:09  Drone  
  36  3:10  Drone x4  
  41  3:15  Queen  
  43  3:20  Overlord  
  43  3:23  Drone  
  44  3:35  Queen  
  44  3:38  Overlord  
  44  3:40  Drone x3  
  49  3:43  Queen  
  49  3:46  Drone x2  
  53  3:50  Drone x2  
  55  3:56  Overlord  
  55  4:00  Zergling x6  
  55  4:02  Drone x2  
  60  4:06  Queen  
  60  4:09  Drone  
  62  4:10  Drone  
  62  4:14  Queen  
  62  4:16  Overlord  
  65  4:20  Drone x2  
  67  4:24  Spore Crawler  
  67  4:27  Zergling x6  
  67  4:29  Overlord  
  69  4:32  Overlord  
  69  4:39  Extractor  
  69  4:40  Drone x5  
  70  4:48  Drone x4  
  68  4:54  Drone x4  
  68  4:56  Drone  
  68  4:59  Drone  
  74  5:02  Overlord  
  74  5:10  Evolution Chamber  
  74  5:11  Evolution Chamber  
  74  5:13  Drone  
  74  5:14  Drone x2  
  75  5:18  Drone  
  76  5:21  Drone  
  76  5:23  Lair  
  77  5:29  Drone  
  77  5:32  Hatchery  
  77  5:33  Drone x7  
  82  5:43  Zerg Melee Weapons Level 1, Zerg Ground Armor Level 1  
  82  5:45  Drone  
  82  5:46  Drone x2  
  82  5:47  Drone  
  86  5:50  Extractor x2  
  86  5:54  Drone x3  
  83  5:59  Drone x3  
  83  6:01  Baneling Nest  
  82  6:09  Drone x3, Overlord  
  85  6:14  Zergling x4  
  87  6:20  Overlord  
  87  6:23  Overlord  
  87  6:29  Drone  
  87  6:30  Zergling x2  
  87  6:31  Zergling x10  
  87  6:32  Zergling x2  
  95  6:38  Overseer, Hatchery  
  95  6:39  Overlord  
  94  6:41  Queen  
  94  6:44  Centrifugal Hooks  
  94  6:46  Drone  
  94  6:47  Drone  
  98  6:49  Queen  
  98  6:53  Zergling x12  
  106  6:54  Baneling x2  
  106  6:56  Zergling x2  
  106  6:59  Zergling x6  
  110  7:04  Drone x4  
  110  7:07  Baneling x10  
  110  7:08  Baneling  
  113  7:16  Zergling x2  
  113  7:17  Zergling x12  
  113  7:18  Baneling x4  
  113  7:19  Baneling x2  
  113  7:20  Zergling x2  
  113  7:21  Zergling x2  
  122  7:25  Zergling x12  
  127  7:31  Zergling x2  
  127  7:36  Zergling x12  
  126  7:39  Zergling x2  
  126  7:42  Zerg Ground Armor Level 2  
  127  7:47  Zerg Melee Weapons Level 2  
  127  7:49  Drone, Hatchery  
  127  7:52  Baneling x3  
  127  7:54  Drone, Spore Crawler  
  127  7:55  Drone x7  
  127  7:56  Spore Crawler  
  133  8:02  Baneling x4  
  133  8:04  Overlord x2  
  133  8:05  Overlord  
  133  8:08  Zergling x2  
  133  8:16  Drone x3  
  133  8:19  Drone  
  133  8:22  Infestation Pit  
  133  8:24  Zergling x2  
  133  8:26  Zergling x16  
  140  8:30  Zergling x2  
  140  8:33  Drone x3  
  144  8:34  Hydralisk Den  
  144  8:35  Extractor x2  
  144  8:36  Zergling x14  
  144  8:39  Pneumatized Carapace, Burrow  
  148  8:41  Overlord  
  148  8:42  Overlord x2  
  148  8:45  Overlord x2  
  142  8:56  Baneling x8, Spore Crawler  
  142  9:01  Zergling x2  
  142  9:02  Zergling x14  
  146  9:03  Zergling x2  
  146  9:08  Zergling x14  
  131  9:10  Zergling x2  
  131  9:11  Zergling x2  
  131  9:12  Zergling x4  
  131  9:13  Zergling x2  
  131  9:14  Zergling x4  
  130  9:21  Hive  
  130  9:27  Zergling x16  
  130  9:28  Zergling x6  
  130  9:30  Zergling x2  
  142  9:34  Baneling x7  
  142  9:37  Zergling x16  
  150  9:41  Drone x7  
  150  9:42  Drone  
  150  9:44  Extractor x2  
  156  9:46  Baneling x11  
  156  9:49  Zergling x12  
  162  9:53  Overlord  
  158  10:01  Hydralisk x2  
  158  10:03  Lurker Den  
  160  10:12  Zergling x38  
  160  10:13  Zergling x2  
  178  10:17  Zergling x2  
  178  10:20  Overlord  
  179  10:25  Overlord x2  
  179  10:28  Overlord  
  178  10:29  Overlord  
  178  10:33  Zergling x2  
  165  10:37  Zergling x22  
  165  10:38  Zergling x12  
  165  10:40  Zerg Ground Armor Level 3, Zerg Missile Weapons Level 1  
  179  10:46  Hydralisk x7  
  192  10:54  Drone x4  
  190  11:10  Hatchery  
  187  11:15  Lurker x3  
  187  11:16  Lurker x5  
  187  11:17  Zergling x10  
  200  11:23  Zergling x4  
  174  11:31  Zergling x38  
  185  11:33  Zergling x12  
  185  11:39  Seismic Spines  
  188  11:40  Zergling x6  
  188  11:41  Zergling x6  
  188  11:46  Zergling x10  
  182  11:50  Hydralisk  
  182  11:51  Hydralisk  
  182  11:52  Drone  
  179  11:54  Drone  
  179  11:55  Drone  
  179  11:57  Baneling x5  
  179  11:58  Baneling x9  
  181  12:02  Zergling x12  
  181  12:03  Zergling x2  
  181  12:04  Zergling x2  
  181  12:06  Nydus Network  
  181  12:07  Overlord  
  188  12:09  Zergling x2  
  188  12:10  Zergling x2  
  183  12:26  Zergling x34  
  183  12:27  Zergling x2  
  183  12:28  Baneling x3  
  183  12:29  Baneling x3  
  191  12:36  Adaptive Talons, Zergling x2  
  191  12:37  Zergling x18  
  177  12:38  Zergling x2  
  177  12:39  Zergling x2  
  167  12:48  Hydralisk x6  
  150  13:06  Lurker  
  150  13:09  Baneling x14  
  150  13:10  Baneling x10, Zergling x8  
  150  13:11  Zergling x26  
  168  13:17  Nydus Canal  
  168  13:18  Overseer  
  166  13:22  Lurker x4  
  166  13:23  Lurker x2  
  166  13:24  Overseer  
  166  13:26  Zergling x14  
  157  13:35  Zergling x24  
Tags
 
Add a new tag
Caveats
  • Supply blocks, unpowered buildings, or Contaminate may cause inaccurate times.
  • Supply counts are checked every 10 seconds.